 Dungeon Crawl Stone Soup version 0.28.0-49-g6dfe1f597d (webtiles) character file.

Game seed: 15845167397368232745

109 Exodus22XD the Covert (level 4, 21/21 HPs)
             Began as a Spriggan Enchanter on May 15, 2022.
             Was a Follower of Sif Muna.
             Quit the game on level 3 of the Dungeon.
             The game lasted 00:03:11 (2290 turns).

Exodus22XD the Covert (Spriggan Enchanter)          Turns: 2290, Time: 00:03:12

Health: 21/21      AC:  2    Str:  4    XL:     4   Next: 60%
Magic:  18/18      EV: 17    Int: 16    God:    Sif Muna [*.....]
Gold:   38         SH:  0    Dex: 17    Spells: 6/8 levels left

rFire   . . .      SeeInvis +   d - +0 rapier
rCold   . . .      Faith    .   (no shield)
rNeg    . . .      Spirit   +   b - +0 robe
rPois   +          Reflect  .   (helmet restricted)
rElec   .          Harm     .   (no cloak)
rCorr   .          Rampage  .   (gloves unavailable)
Will    .....                   (boots unavailable)
Stlth   ++++......              m - amulet of guardian spirit
HPRegen 0.07/turn               l - ring of magical power
MPRegen 0.16/turn               j - ring of poison resistance

@: very quick
A: very small, no large weapons, unfitting armour, see invisible, speed 3
a: Renounce Religion, Channel Magic


You were on level 3 of the Dungeon.
You worshipped Sif Muna.
Sif Muna was aware of your devotion.
You visited 1 branch of the dungeon, and saw 3 of its levels.

You collected 38 gold pieces.

Inventory:

Hand Weapons
 a - a +1 dagger
 d - a +0 rapier (weapon)
Armour
 b - a +0 robe (worn)
Jewellery
 j - a ring of poison resistance (right hand)
 l - a ring of magical power (left hand)
 m - an amulet of guardian spirit (around neck)
 r - a ring of protection from fire
Scrolls
 f - a scroll of teleportation {unknown}
 h - 2 scrolls of fear {unknown}
 i - a scroll of identify {unknown}
 k - 2 scrolls of vulnerability {unknown}
 n - a scroll of magic mapping {unknown}
 o - a scroll of amnesia {unknown}
 p - a scroll of fog {unknown}
 q - a scroll of brand weapon {unknown}
Potions
 c - a potion of invisibility
 e - a potion of might {unknown}
 g - a potion of degeneration {unknown}


   Skills:
 - Level 1.1 Short Blades
 - Level 2.6 Dodging
 + Level 8.4 Stealth
 - Level 2.6 Spellcasting
 - Level 3.6 Hexes


You had 6 spell levels left.
You knew the following spells:

 Your Spells              Type           Power      Damage    Failure   Level
a - Ensorcelled Hibernat  Hex/Ice        14%        N/A       14%         2

Your spell library contained the following spells:

 Spells                   Type           Power      Damage    Failure   Level
 Confusing Touch          Hex            13%        N/A       13%         3
 Tukima's Dance           Hex            13%        N/A       13%         3
 Passwall                 Tmut/Erth      1%         N/A       28%         2
 Dazzling Flash           Conj/Hex       14%        N/A       28%         3
 Swiftness                Air            2%         N/A       50%         3
 Yara's Violent Unravell  Hex/Tmut       3%         3d4       95%         5
 Enfeeble                 Hex            6%         N/A       100%        7


Dungeon Overview and Level Annotations

Branches:
Dungeon (3/15)

Altars:
Sif Muna


Innate Abilities, Weirdness & Mutations

You are very small and have problems with some larger weapons.
You are too small for most types of armour.
You have supernaturally acute eyesight. (SInv)
You cover ground extremely quickly. (Speed+++)


Message History

A rat is nearby!
A rat is nearby!
You closely miss the rat. The rat misses you.
A rat is nearby!
You closely miss the rat.
The rat twitches its whiskers.
The rat barely misses you.
A rat is nearby!
You hit the rat.
You kill the rat!
You see here a rat corpse.
Found a leather armour.
No target in view!
No target in view!
q - a scroll labelled ESEUTY ZOYXOZ No target in view!
No target in view!
r - a ring of protection from fire No target in view!
Okay, then.
You see here a +0 leather armour.
Found a stone staircase leading down.
No target in view!
Found a falchion and a robe.
No target in view!
No target in view!
Found 26 arrows.
No target in view!
No target in view!
An endoplasm comes into view.
Found a faded altar of an unknown god.
The helpless endoplasm fails to defend itself.
You impale the endoplasm!!
You kill the endoplasm!
There is a faded altar of an unknown god here.
You cannot tell which god this altar belongs to.
Convert to them anyway?
Sif Muna accepts your prayer! Sif Muna welcomes you!
You can now call upon Sif Muna for magical energy.
Are you sure you want to abandon this character and quit the game? (Confirm with "yes".)

###...# ##### # #####
#.#.^.# #^#.#.#
.....## .## #....##
.....###.....###
#....@.......#
#..###....##.#########
# #...............#
#.....#####.#####.
#.#.#^# #.# #.#.^8#
#.# # ##### #.# ##.#
#..#


There were no monsters in sight!

Vanquished Creatures
  An orc wizard (D:2)
  2 adders (D:2)
  A worm (D:2)
  2 dart slugs
  4 orcs (D:2)
  7 ball pythons
  6 endoplasms
  A giant cockroach (D:2)
  3 goblins
  6 hobgoblins
  2 jackals (D:2)
  4 kobolds
  2 quokkas (D:2)
  3 bats
  5 frilled lizards
  5 rats
54 creatures vanquished.

Notes
Turn   | Place    | Note
-------+----------+-------------------------------------------
     0 | D:1      | Exodus22XD the Spriggan Enchanter began the quest for the
                  | Orb.
     0 | D:1      | Reached XP level 1. HP: 9/9 MP: 5/5
   172 | D:1      | Reached skill level 5 in Stealth
   192 | D:1      | Reached XP level 2. HP: 13/13 MP: 6/6
   633 | D:1      | Reached skill level 6 in Stealth
   860 | D:1      | Learned a level 2 spell: Ensorcelled Hibernation
   899 | D:2      | Reached XP level 3. HP: 14/16 MP: 8/8
  1210 | D:2      | Reached skill level 7 in Stealth
  1210 | D:2      | Reached XP level 4. HP: 15/21 MP: 9/9
  1662 | D:2      | Reached skill level 8 in Stealth
  2280 | D:3      | Found a faded altar of an unknown god.
  2289 | D:3      | Prayed at the altar of an unknown god.
  2289 | D:3      | Became a worshipper of Sif Muna the Loreminder
  2289 | D:3      | Reached * piety under Sif Muna
  2290 | D:3      | Quit the game

Illustrated notes

Levels and vault maps discovered:
D:1:      evilmike_arrival_rings, layout_loops_ring, minmay_tromino_v4_a
D:2:      layout_rooms, minmay_split_cup_large
D:3:      layout_loops_ring, shapermc_ecumenical_altar_mp_highgroup,
          uniq_natasha

Skill      XL: |  1  2  3  4 |
---------------+-------------+-----
Stealth        | 5 6 7 8 |  8.4
Short Blades   | |  1.1
Dodging        | |  2.6
Spellcasting   | |  2.6
Hexes          | |  3.6

Action                   |  1- 3 |  4- 6 || total
-------------------------+-------+-------++-------
Melee: Rapier            |    70 |    73 ||   143
       Dagger            |     2 |       ||     2
 Cast: Ensorcelled Hiber |     1 |       ||     1
 Stab: Sleeping          |    11 |     9 ||    20
Armor: Robe              |     6 |     3 ||     9
Dodge: Dodged            |    51 |    53 ||   104
